 Dungeon Crawl Stone Soup version 0.29.1-15-g9cfb28693d (webtiles) character file.

Game seed: 12810115047606130803

399 tizbic2 the Conjurer (level 6, 0/50 HPs)
             Began as a Demigod Conjurer on Apr 23, 2023.
             Slain by a shadow imp (3 damage)
             ... summoned by Eustachio
             ... on level 4 of the Dungeon on Apr 24, 2023.
             The game lasted 00:14:03 (3880 turns).

tizbic2 the Conjurer (Demigod Conjurer)             Turns: 3880, Time: 00:14:03

Health: 0/50       AC:  7    Str:  8    XL:     6   Next: 28%
Magic:  11/13      EV: 11    Int: 28    God:
Gold:   138        SH:  0    Dex: 12    Spells: 7/11 levels left

rFire   + . .      SeeInvis .   m - +1 dagger (protect)
rCold   x . .      Faith    .   (no shield)
rNeg    . . .      Spirit   .   A - +0 leather armour
rPois   +          Reflect  .   (no helmet)
rElec   .          Harm     .   h - +0 cloak
rCorr   .          Rampage  .   (no gloves)
Will    .....                   i - +2 pair of boots
Stlth   ++........              D - amulet of regeneration
HPRegen 0.96/turn               d - ring of fire
MPRegen 0.13/turn               p - ring of poison resistance

@: attractive
A: high MP 1, forlorn, divine attributes
a: no special abilities


You were on level 4 of the Dungeon.
You visited 1 branch of the dungeon, and saw 4 of its levels.

You collected 138 gold pieces.

Inventory:

Hand Weapons
 m - a +1 dagger of protection (weapon)
 w - a +1 dagger of venom
 z - a +0 vampiric dagger
 F - a +4 flail of holy wrath
Missiles
 r - 5 boomerangs
Armour
 a - a +0 robe
 g - a +0 ring mail
 h - a +0 cloak (worn)
 i - a +2 pair of boots (worn)
 A - a +0 leather armour (worn)
Jewellery
 d - a ring of fire (left hand)
 p - a ring of poison resistance (right hand)
 D - an amulet of regeneration (around neck)
Wands
 s - a wand of digging (6)
 v - a wand of paralysis (9)
 y - a wand of flame (20)
 B - a wand of roots (6)
Scrolls
 e - a scroll of silence
 k - a scroll of immolation
 n - 2 scrolls of noise {unknown}
 o - a scroll of blinking {unknown}
 u - a scroll of vulnerability {unknown}
 x - 4 scrolls of amnesia {unknown}
 C - 2 scrolls of enchant armour {unknown}
 G - a scroll of teleportation {unknown}
Potions
 b - a potion of magic
 c - 2 potions of attraction
 f - a potion of flight {unknown}
 j - a potion of mutation {unknown}
 l - 2 potions of haste
 q - a potion of brilliance {unknown}
 t - a potion of berserk rage
 E - a potion of curing {unknown}


   Skills:
 + Level 2.5 Fighting
 - Level 1.7 Dodging
 - Level 1.7 Stealth
 + Level 3.0 Spellcasting
 + Level 4.6 Conjurations
 * Level 3.4 Fire Magic


You had 7 spell levels left.
You knew the following spells:

 Your Spells              Type           Power      Damage    Failure   Level
a - Magic Dart            Conj           100%       1d8       1%          1
b - Scorch                Fire           70%        2d8       4%          2
c - Foxfire               Conj/Fire      100%       2x1d9     2%          1

Your spell library contained the following spells:

 Spells                   Type           Power      Damage    Failure   Level
 Searing Ray              Conj           60%        2d6       2%          2
 Conjure Flame            Conj/Fire      40%        6-21      7%          3
 Summon Small Mammal      Summ           16%        N/A       12%         1
 Dazzling Flash           Conj/Hex       34%        N/A       14%         3
 Blink                    Tloc           8%         N/A       19%         2
 Inner Flame              Hex/Fire       20%        N/A       19%         3
 Flame Wave               Conj/Fire      40%        2d11      22%         4
 Call Canine Familiar     Summ           4%         N/A       34%         3
 Confusing Touch          Hex            4%         N/A       34%         3
 Summon Guardian Golem    Hex/Summ       4%         N/A       34%         3
 Fulminant Prism          Conj/Hex       8%         3d7       41%         4
 Iskenderun's Mystic Bla  Conj/Tloc      17%        2d5       41%         4
 Lee's Rapid Deconstruct  Erth           2%         3d5*      97%         5
 Manifold Assault         Tloc           4%         N/A       97%         5
 Yara's Violent Unravell  Hex/Tmut       2%         3d3       97%         5
 Summon Cactus Giant      Summ           2%         N/A       100%        6
 Enfeeble                 Hex            2%         N/A       100%        7
 Storm Form               Tmut/Air       2%         N/A       100%        7


Dungeon Overview and Level Annotations

Branches:
Dungeon (4/15)
 Temple: D:4-7

Annotations:
D:4 Eustachio, Grinder


Innate Abilities, Weirdness & Mutations

You have an increased reservoir of magic. (+10% MP)
You shall have no god before yourself.
Your divine heritage dramatically boosts your attributes as you level up.


Message History

Grinder gestures at you.
You suddenly lose the ability to move!
Eustachio screams, "Hey, you killed my favourite bat!"
Eustachio barely misses you. The shadow imp hits you.
The shadow imp hits you but does no damage.
The white imp hits you but does no damage.
Grinder is no longer more vulnerable to fire.
Grinder hits you!
* * * LOW HITPOINT WARNING * * *
Eustachio hits you with a +2 rapier of speed.
* * * LOW HITPOINT WARNING * * *
The dart slug bites you but does no damage.
The shadow imp hits you but does no damage.
The shadow imp hits you.
* * * LOW HITPOINT WARNING * * *
The white imp hits you but does no damage.
Eustachio casts a spell.
Eustachio blinks!
Grinder hits you but does no damage. The shadow imp completely misses you.
The white imp hits you but does no damage.
The shadow imp hits you but does no damage.
Grinder hits you but does no damage.
The dart slug bites you but does no damage.
The shadow imp spits at you.
The shadow imp hits you but does no damage. x2
The white imp hits you but does no damage.
Eustachio is no longer more vulnerable to fire.
Eustachio gestures wildly while chanting.
Eustachio blinks!
Grinder hits you but does no damage. The dart slug barely misses you.
The shadow imp barely misses you. The white imp gestures at you.
The puff of frost hits you.
You feel a terrible chill!
* * * LOW HITPOINT WARNING * * *
The shadow imp shouts, "Flee, thou rank fool-headed brigand!"
The shadow imp hits you but does no damage.
You can move again.
It was a potion of attraction.
You feel attractive to monsters. Grinder barely misses you.
The shadow imp hits you.
You die...

#..####.####..####.##..#..#...##
..............'................#
..............#................#
......5.......#.....[..........#
.........)....#................#
#####...###...###..#########..###
#######...###..####..###.....
#....§5.....#).........#
#.....5@5...#..........#
#>.@..w5....#..........#
####>.####.<###..##.....
#############..########### ######
#....'......#.).....).>#
'....#.÷....#.÷........#
#....#......#..........#
#....#......#...!......#
##...##.....#..........#


You could see Eustachio, Grinder, a white imp (summoned), 2 shadow imps and a
dart slug.

Vanquished Creatures
  Edmund (D:4)
  2 hounds (D:4)
  Jessica (D:3)
  Natasha (twice) (D:2)
  Ijyb (D:3)
  4 adders
  A white imp (D:4)
  3 worms
  2 dart slugs
  An orc (D:3)
  6 endoplasms
  2 giant cockroaches
  4 goblins
  6 hobgoblins
  5 jackals
  8 quokkas
  4 ball pythons
  6 bats
  6 frilled lizards
  4 kobolds
  6 rats
75 creatures vanquished.

Vanquished Creatures (others)
  42 foxfires
  5 toadstools (D:1)
47 creatures vanquished.

Grand Total: 122 creatures vanquished

Notes
Turn   | Place    | Note
-------+----------+-------------------------------------------
     0 | D:1      | tizbic2 the Demigod Conjurer began the quest for the Orb.
     0 | D:1      | Reached XP level 1. HP: 14/14 MP: 5/5
   399 | D:1      | Reached XP level 2. HP: 22/22 MP: 1/7
   634 | D:1      | Learned a level 2 spell: Scorch
   743 | D:1      | Learned a level 1 spell: Foxfire
  1167 | D:2      | Reached skill level 4 in Conjurations
  1482 | D:2      | Reached skill level 1 in Fighting
  1485 | D:2      | Reached skill level 1 in Fire Magic
  1485 | D:2      | Reached XP level 3. HP: 25/28 MP: 5/8
  1693 | D:2      | Noticed Natasha
  1704 | D:2      | Killed Natasha
  2054 | D:2      | Noticed Natasha
  2059 | D:2      | Killed Natasha
  2060 | D:2      | Reached XP level 4. HP: 35/35 MP: 4/10
  2426 | D:3      | Noticed Ijyb
  2445 | D:3      | Killed Ijyb
  2666 | D:3      | Noticed Jessica
  2670 | D:3      | Killed Jessica
  2671 | D:3      | Reached XP level 5. HP: 39/41 MP: 2/11
  3557 | D:4      | Noticed Edmund
  3565 | D:4      | Killed Edmund
  3566 | D:4      | Reached XP level 6. HP: 50/50 MP: 3/13
  3711 | D:4      | Noticed Grinder
  3711 | D:4      | Noticed Eustachio
  3875 | D:4      | Paralysed by Grinder for 5 turns
  3876 | D:4      | HP: 2/50 [shadow imp[Eustachio] (4)]
  3880 | D:4      | Slain by a shadow imp

Illustrated notes

Levels and vault maps discovered:
D:1:      ldierk_walled_garden, layout_loops_corners, serial_rivers,
          chequers_serial_rivers_marsh, chequers_serial_rivers_small_b,
          chequers_serial_rivers_small_3, chequers_serial_rivers_room_b,
          chequers_serial_rivers_micro_d
D:2:      layout_basic, uniq_natasha
D:3:      layout_rooms, marbit_many_paths, basic_ecumenical_altar,
          grunt_decor_arrowhead, kennysheep_donut, grunt_ministairs_4,
          minmay_puff, uniq_jessica, uniq_ijyb
D:4:      layout_gridville, nicolae_elemental_shop, uniq_edmund, uniq_menkaure,
          uniq_grinder, uniq_eustachio

Skill      XL: |  1  2  3  4  5 |
---------------+----------------+-----
Spellcasting   | 2 3 |  3.0
Conjurations   | 4 |  4.6
Fighting       | 1 2 |  2.5
Fire Magic     | 1 2 3 |  3.4
Dodging        | |  1.7
Stealth        | |  1.7

Action                   |  1- 3 |  4- 6 || total
-------------------------+-------+-------++-------
Melee: Dagger            |    65 |   113 ||   178
       Punch             |     2 |     1 ||     3
 Cast: Magic Dart        |    27 |     7 ||    34
       Scorch            |    14 |    25 ||    39
       Foxfire           |       |    23 ||    23
  Use: Scroll            |       |     5 ||     5
       Potion            |       |     3 ||     3
 Stab: Sleeping          |     3 |     3 ||     6
Armor: Robe              |    17 |    15 ||    32
       Leather armour    |       |    52 ||    52
Dodge: Dodged            |    42 |   110 ||   152
